AoeStats
← *$up3r [N]0v@*

Arena

509135925Analyzed
2v2 RM · 5d ago on Sep 25, 2026· 57m 40s· 4 players
Game mode
Random Map
Map size
Medium (4 player)
Population
200
Speed
Normal
Resources
Standard
Victory
Conquest
Starting age
Dark Age
Ending age
Imperial Age
RankedLock teamsTeams togetherTeam positionsShared explorationLock speedFull tech treeHidden civsTurbo modeCheats
Victory
Defeat
🇮🇳 Teutons · India
1055
+17
🇵🇪 Magyars · Peru
1031
+19
🇦🇷 Teutons · Argentina
1080
-18
🇦🇷 Bohemians · Argentina
1077
-18
*$up3r [N]0v@*
6:59 Loom
9:44 Feudal Age
24:37 Castle Age
23:46 Double-Bit Axe
23:43 Horse Collar
27:47 Forging
33:24 Iron Casting
32:55 Scale Barding Armor
33:39 Bloodlines
35:20 Chain Barding Armor
39:50 Imperial Age
37:57 Fletching
41:20 Cavalier
41:58 Bodkin Arrow
42:34 Bow Saw
42:26 Heavy Plow
42:18 Gold Mining
43:43 Conscription
43:33 Padded Archer Armor
45:33 Leather Archer Armor
48:50 Two-Man Saw
48:22 Crop Rotation
47:14 Heavy Mounted Crossbowman
53:50 Ballistics
54:31 Chemistry
55:38 Ring Archer Armor
55:44 Plate Barding Armor
55:19 Siege Engineers
56:55 Wheelbarrow
56:06 Town Watch
57:30 Blast Furnace
56:42 Masonry
56:49 Paladin
RaskWarrioR
9:06 Loom
10:57 Feudal Age
12:05 Loom
15:21 Castle Age
22:45 Double-Bit Axe
22:45 Horse Collar
23:23 Scale Barding Armor
25:07 Chain Barding Armor
37:03 Imperial Age
38:22 Conscription
40:16 Plate Barding Armor
41:31 Wheelbarrow
42:27 Elite Magyar Huszar
44:53 Corvinian Army
44:55 Capped Ram
46:08 Fletching
49:03 Gold Mining
Theminer
4:51 Loom
11:07 Feudal Age
15:15 Castle Age
14:54 Wheelbarrow
22:32 Horse Collar
23:25 Double-Bit Axe
27:19 Hand Cart
40:14 Squires
39:59 Arson
41:59 Pikeman
59:16 Imperial Age
Limón
9:10 Feudal Age
14:49 Loom
15:42 Stone Mining
18:18 Castle Age
29:37 Fletching
30:40 Horse Collar
33:33 Wheelbarrow
33:36 Pikeman
38:05 Double-Bit Axe
38:54 Bodkin Arrow
39:12 Heavy Plow
42:57 Imperial Age
40:45 Bow Saw
42:25 Forging
42:15 Scale Mail Armor
42:20 Squires
44:12 Iron Casting
44:50 Cavalier
47:14 Halberdier
48:45 Stone Shaft Mining
48:22 Arson
49:44 Blast Furnace
48:59 Chain Mail Armor
49:49 Blast Furnace
48:24 Elite Skirmisher
51:21 Chemistry
51:21 Padded Archer Armor
54:41 Conscription
55:22 Ballistics
55:13 Fortified Wall
56:55 Blast Furnace
56:25 Plate Mail Armor
Connection lost

Rejoining the realm…

Still unreachable

The connection could not be restored.

Session expired

The server has moved on; the page needs a fresh start.